 Dungeon Crawl Stone Soup version 0.32-a0-519-g08f29ac1c3 (webtiles) character file.

Game seed: 9302379267255279788

32 SergeantStubby the Trooper (level 3, -7/29 HPs)
             Began as a Mummy Fighter on Feb 27, 2024.
             Mangled by a gnoll
             ... wielding a +0 halberd
              (15 damage)
             ... on level 2 of the Dungeon.
             The game lasted 00:00:55 (813 turns).

SergeantStubby the Trooper (Mummy Fighter)           Turns: 813, Time: 00:00:56

Health: -7/29      AC:  6    Str: 21    XL:     3   Next: 8%
Magic:  3/3        EV:  9    Int:  7    God:
Gold:   43         SH:  4    Dex: 11    Spells: 2/2 levels left

rFire   x . .        a - +0 flail
rCold   + . .        c - +0 buckler
rNeg    + + +        b - +0 scale mail
rPois   ∞            (no helmet)
rElec   .            (no cloak)
rCorr   .            (no gloves)
SInv    .            (no boots)
Will    .....        (no amulet) Stlth
                     (no ring)
HPRegen 0.24/turn    (no ring)
MPRegen 0.08/turn

%: faith
@: no status effects
A: cold resistance 1, negative energy resistance 3, torment resistance 2, heat
vulnerability 1, in touch with death 1, no potions, faith
a: no special abilities


You were on level 2 of the Dungeon.
You visited 1 branch of the dungeon, and saw 2 of its levels.

You collected 43 gold pieces.

Inventory:

Hand Weapons
 a - a +0 flail (weapon)
Armour
 b - a +0 scale mail (worn)
 c - a +0 buckler (worn)
Jewellery
 j - a ring of ice
Scrolls
 d - a scroll of fear {unknown}
 e - a scroll of identify {unknown}
 g - 2 scrolls of noise
 h - a scroll of teleportation {unknown}
 i - a scroll of enchant weapon {unknown}


   Skills:
 + Level 3.3 Fighting
 * Level 2.3 Maces & Flails
 - Level 2.4 Armour
 + Level 2.7 Shields


You had 2 spell levels left.
You didn't know any spells.
Your spell library was empty.

Dungeon Overview and Level Annotations

Branches:
Dungeon (2/15)

Altars:


Innate Abilities, Weirdness & Mutations

You are immune to poison.
Your flesh is cold resistant. (rC+)
You are immune to negative energy. (rN+++)
You are immune to unholy pain and torment.
You are vulnerable to heat. (rF-)
You are in touch with the powers of death.
You do not drink.
You have a special connection with the divine. (Faith)


Message History

You see here a ring of ice.
The kobold hits you with a +0 dagger.
You sock the kobold!
You kill the kobold!
No target in view!
No target in view!
No target in view!
No target in view!
No target in view!
No target in view!
No target in view!
No target in view!
No target in view!
j - a ring of ice 2 gnolls come into view.
Found a metallic black potion.
The gnoll shouts!
There are monsters nearby!
There are monsters nearby!
The gnoll hits you from afar with a +0 halberd!
A gnoll comes into view. It is wielding a +0 spear.
You are too injured to fight recklessly!
You are too injured to fight recklessly!
You are too injured to fight recklessly!
You are too injured to fight recklessly!
You are too injured to fight recklessly!
The gnoll attacks as it pursues you!
The gnoll hits you from afar with a +0 halberd.
The gnoll attacks as it pursues you!
The gnoll hits you from afar with a +0 halberd!
* * * LOW HITPOINT WARNING * * *
As you read the scroll labelled JEJIVVUJYE, it crumbles to dust.
The creatures around you are filled with an inner flame!
It was a scroll of immolation.
The gnoll barely misses you.
As you read the scroll labelled VUAWNU MYOXI, it crumbles to dust.
You hear a loud clanging noise!
It was a scroll of noise.
The gnoll hits you from afar with a +0 halberd!
Ouch! That really hurt!
You die...

.# #....# .######....#
......+....#
##.####....###########
#.........).........#
######........###
#..........##...# .#
#.########.####.## .#
#.#.....<#.# #@.# .#
#.#......#.# ##.##.#
#.######.#.# #gg#.#
#.# #.#.# ##.#.# #.#
#.#.# #g#.######
#.######.# #..!.g....
##.....†..# #####g.###
........†## #
.........#


You could see 3 gnolls.

Vanquished Creatures
  A dart slug (D:1)
  3 bats
  An endoplasm (D:2)
  2 giant cockroaches (D:1)
  3 goblins
  A hobgoblin (D:1)
  2 jackals (D:1)
  3 kobolds
  4 quokkas
  2 ball pythons
  A frilled lizard (D:2)
  3 rats
26 creatures vanquished.

Notes
Turn   | Place    | Note
-------+----------+-------------------------------------------
     0 | D:1      | SergeantStubby the Mummy Fighter began the quest for the
                  | Orb.
     0 | D:1      | Reached XP level 1. HP: 18/18 MP: 1/1
   149 | D:1      | Reached XP level 2. HP: 24/24 MP: 2/2
   390 | D:1      | Found a faded altar of an unknown god.
   757 | D:2      | Reached XP level 3. HP: 29/29 MP: 3/3
   813 | D:2      | Mangled by a gnoll

Illustrated notes

Levels and vault maps discovered:
D:1:      amcnicky_arrival_choice, layout_basic,
          shapermc_ecumenical_altar_ellora
D:2:      layout_basic, uniq_crazy_yiuf_cottage

Skill      XL: |  1 |
---------------+----+-----
Maces & Flails | 2 |  2.3
Fighting       | |  3.3
Armour         | |  2.4
Shields        | |  2.7

Action                     || total
---------------------------++-------
  Melee: Flail             ||    54
    Use: Scroll            ||     2
 Armour: Scale mail        ||    38
  Dodge: Dodged            ||    23
  Block: Buckler           ||    17

Table legend: (Time is in decaauts)
 A = Elapsed time spent in this place.
 B = Non-inter-level travel time spent in this place.
 C = Inter-level travel time spent in this place.
 D = Time resting spent in this place.
 E = Time spent auto-exploring this place.
 F = Levels seen in this place.
 G = Mean time per level.
                   A        B        C        D        E       F      G
               +--------+--------+--------+--------+--------+-----+--------+
         Total |    829 |    784 |     45 |      0 |    632 |   2 |  414.5 |
       Dungeon |    829 |    784 |     45 |      0 |    632 |   2 |  414.5 |
               +--------+--------+--------+--------+--------+-----+--------+

Top non-repeatable levels by time:
     D:1: 643 daAuts
     D:2: 186 daAuts
